AoeStats
← Joaking

Nomad

506733622Analyzed
4v4 RM · 17d ago on Sep 14, 2026· 45m 27s· 8 players
Game mode
Random Map
Map size
231×231
Population
200
Speed
Normal
Resources
Standard
Victory
Conquest
Starting age
Dark Age
Ending age
Imperial Age
RankedLock teamsTeams togetherTeam positionsShared explorationLock speedFull tech treeHidden civsTurbo modeCheats
Victory
Defeat
🇲🇽 Vietnamese · Mexico
1107
+11
🇺🇸 Aztecs · United States
1099
+11
🇦🇷 Spanish · Argentina
1086
+12
🇲🇽 Khmer · Mexico
1041
+14
🇨🇳 Spanish · China
1078
-14
🇨🇦 Persians · Canada
994
-12
🇨🇱 Malay · Chile
982
-12
🇺🇸 Turks · United States
932
-10
tracter3515
5:27 Loom
25:31 Feudal Age
26:27 Arson
26:06 Man-at-Arms
29:56 Castle Age
28:07 Double-Bit Axe
34:47 Imperial Age
32:18 Fletching
33:47 Bow Saw
36:50 Bodkin Arrow
38:11 Conscription
miniRy
13:11 Loom
16:03 Feudal Age
16:59 Double-Bit Axe
20:05 Forging
19:47 Fletching
26:32 Castle Age
27:20 Crossbowman
29:39 Gold Mining
34:21 Imperial Age
33:34 Bow Saw
34:15 Bodkin Arrow
35:09 Fishing Lines
42:26 Thumb Ring
44:04 Bracer
monckeyrivers
12:58 Loom
15:21 Feudal Age
18:58 Castle Age
16:47 Horse Collar
18:14 Double-Bit Axe
18:47 Scale Barding Armor
18:53 Forging
27:11 Bow Saw
32:44 Heavy Plow
34:45 Wheelbarrow
37:35 Imperial Age
35:16 Husbandry
35:47 Chain Barding Armor
36:57 Bloodlines
43:45 Plate Barding Armor
43:46 Iron Casting
43:35 Scale Mail Armor
43:54 Hand Cart
43:10 Elite Ballista Elephant
45:01 Pikeman
45:27 Arson
LALOWMECAMBIO
4:31 Loom
13:30 Feudal Age
15:34 Forging
16:42 Scale Barding Armor
18:34 Wheelbarrow
17:52 Double-Bit Axe
17:48 Horse Collar
23:46 Castle Age
25:58 Hand Cart
25:58 Heavy Plow
30:02 Iron Casting
30:07 Bow Saw
32:11 Gold Mining
37:19 Imperial Age
35:03 Husbandry
37:03 Bloodlines
37:14 Chain Barding Armor
37:26 Cavalier
38:31 Conscription
39:13 Chemistry
39:44 Town Watch
41:00 Blast Furnace
40:22 Ballistics
40:24 Paladin
40:45 Elite Cannon Galleon
42:11 Careening
43:02 Plate Barding Armor
45:22 Fletching
RedEyeJedi4918
8:18 Loom
13:22 Loom
17:47 Feudal Age
27:39 Castle Age
26:51 Wheelbarrow
28:52 Double-Bit Axe
31:09 Bow Saw
33:05 Stone Mining
33:06 Gold Mining
35:51 Hand Cart
39:01 Imperial Age
39:14 Fletching
40:05 Ballistics
40:09 Bodkin Arrow
41:45 Thumb Ring
SgtSpookjohnson
17:57 Feudal Age
23:00 Castle Age
21:13 Fishing Lines
21:48 Scale Barding Armor
21:55 Forging
21:57 Bloodlines
22:27 Loom
28:30 Double-Bit Axe
32:03 Fletching
33:09 Wheelbarrow
33:38 Stone Mining
36:33 Imperial Age
34:25 Gold Mining
35:17 Stone Shaft Mining
35:29 Gillnets
36:03 Bow Saw
35:57 Kamandaran
36:10 Padded Archer Armor
35:45 Crossbowman
37:22 Thumb Ring
37:44 Ballistics
38:01 Citadels
38:14 Conscription
40:34 Chain Barding Armor
40:12 Bodkin Arrow
43:19 Murder Holes
Joaking
4:35 Loom
17:29 Feudal Age
22:10 Castle Age
24:52 Elite Skirmisher
25:58 Fletching
26:38 Padded Archer Armor
39:55 Imperial Age
37:09 Pikeman
37:36 Arson
38:22 Squires
丧心病狂
10:20 Loom
17:04 Feudal Age
24:01 Castle Age
22:47 Fletching
22:57 Padded Archer Armor
22:58 Stone Mining
Connection lost

Rejoining the realm…

Still unreachable

The connection could not be restored.

Session expired

The server has moved on; the page needs a fresh start.